 Dungeon Crawl Stone Soup version 0.27-a0-1232-gc6a4cbde82 (webtiles) character file.

Game seed: 6339556633412442933

121 mordus the Cudgeller (level 4, -1/44 HPs)
             Began as a Troll Monk on June 8, 2021.
             Splashed by a jelly's acid (6 damage)
             ... on level 4 of the Dungeon.
             The game lasted 00:03:30 (2519 turns).

mordus the Cudgeller (Troll Monk)                   Turns: 2519, Time: 00:03:31

Health: -1/44      AC:  0    Str: 19    XL:     4   Next: 77%
Magic:  3/3        EV: 10    Int:  6    God:
Gold:   110        SH:  0    Dex: 13    Spells: 3/3 levels left

rFire    . . .     SeeInvis .   a - +0 mace
rCold    . . .     Faith    .   (no shield)
rNeg     . . .     Spirit   .   b - +0 robe
rPois    .         Reflect  .   (helmet restricted)
rElec    .         Harm     .   (no cloak)
rCorr    .         Rampage  .   (gloves unavailable)
Will     .....                  (boots unavailable)
Stlth    ++........             (no amulet)
HPRegen  1.14/turn              (no ring)
MPRegen  0.08/turn              (no ring)

@: corroded
A: large, unfitting armour, claws 3, regeneration 1, shaggy fur 1, tough skin 1
a: no special abilities


You were on level 4 of the Dungeon.
You visited 1 branch of the dungeon, and saw 4 of its levels.

You collected 110 gold pieces.

Inventory:

Hand Weapons
 a - a +0 mace (weapon)
Missiles
 c - 4 curare-tipped darts
 e - 8 poisoned darts (quivered)
Armour
 b - a +0 robe (worn)
Scrolls
 d - 3 scrolls of identify {unknown}
 h - a scroll of fear {unknown}
 j - a scroll of amnesia {unknown}
 k - a scroll of enchant weapon {unknown}
 l - a scroll of vulnerability {unknown}
 m - a scroll of noise {unknown}
Potions
 f - a potion of magic {unknown}
 g - a potion of heal wounds {unknown}
 i - a potion of haste {unknown}
 n - a potion of brilliance {unknown}


   Skills:
 - Level 2.4 Fighting
 * Level 4.7 Maces & Flails
 + Level 1.5 Throwing
 - Level 2.4 Dodging
 - Level 1.0 Stealth


You had 3 spell levels left.
You didn't know any spells.
Your spell library contained the following spells:

 Spells                   Type           Power      Damage    Failure   Level
 Corona                   Hex            0%         N/A       45%         1
 Ensorcelled Hibernation  Hex/Ice        0%         N/A       58%         2
 Confusing Touch          Hex            0%         N/A       83%         3
 Dazzling Flash           Conj/Hex       0%         N/A       83%         3
 Gell's Gravitas          Tloc           0%         N/A       83%         3
 Tukima's Dance           Hex            0%         N/A       83%         3
 Petrify                  Tmut/Erth      0%         N/A       99%         4
 Metabolic Englaciation   Hex/Ice        0%         N/A       100%        5
 Yara's Violent Unravell  Hex/Tmut       0%         3d3       100%        5


Dungeon Overview and Level Annotations

Branches:
Dungeon (4/15)
 Temple: D:4-7

Altars:

Shops:
D:4 *


Innate Abilities, Weirdness & Mutations

You are too large for most types of armour.
You have claws for hands.
Your natural rate of healing is unusually fast.
You are covered in fur. (AC +1)
You have tough skin. (AC +1)


Message History

You sock the hobgoblin!
You kill the hobgoblin!
The goblin hits you with a +0 dagger.
You barely miss the goblin. The goblin closely misses you.
You barely miss the goblin. The goblin barely misses you.
You closely miss the goblin. The goblin hits you with a +0 dagger.
The goblin barely misses you.
You closely miss the goblin. The goblin hits you but does no damage.
You hit the goblin.
The goblin is heavily wounded.
The goblin hits you with a +0 dagger.
You hit the goblin.
You kill the goblin!
The jelly hits you. The acid corrodes you!
You are splashed with acid!
You hit the jelly but do no damage.
Your claws burn!
The jelly barely misses you.
You barely miss the jelly. The jelly barely misses you.
You hit the jelly.
Your claws burn!
The jelly is lightly wounded.
The jelly barely misses you. x2
You hit the jelly.
Your claws burn!
The jelly is moderately wounded.
The jelly hits you.
You are splashed with acid!
You are too injured to fight recklessly!
You are too injured to fight recklessly!
You are too injured to fight recklessly!
You hit the jelly but do no damage.
Your claws burn!
The jelly is moderately wounded.
The jelly barely misses you.
You hit the jelly.
Your claws burn!
The jelly is moderately wounded.
The jelly hits you.
You are splashed with acid.
* * * LOW HITPOINT WARNING * * *
You hit the jelly but do no damage.
Your claws burn!
* * * LOW HITPOINT WARNING * * *
The jelly is moderately wounded.
The jelly hits you.
* * * LOW HITPOINT WARNING * * *
You are splashed with acid.
You die...

#.... ..# ####.....
.... ##..^.....
.....##..# .........
......#..## .........
.........###........
#.........#.)......
#.....#..†@J......
####....##...##......
####.##....##...#
.....
..#...#........##
...#
......#.........# ...
.....##.........# ..
.....##........### .
.......<.........#
###..##.#..>..##..


You could see a jelly.

Vanquished Creatures
  Natasha (D:4)
  3 adders
  4 dart slugs
  7 endoplasms
  3 giant cockroaches
  6 goblins
  5 hobgoblins
  6 jackals (D:1)
  A quokka (D:4)
  3 ball pythons
  4 bats
  4 frilled lizards
  6 kobolds
  4 rats
57 creatures vanquished.

Notes
Turn   | Place    | Note
-------+----------+-------------------------------------------
     0 | D:1      | mordus the Troll Monk began the quest for the Orb.
     0 | D:1      | Reached XP level 1. HP: 22/22 MP: 0/0
    62 | D:1      | Reached skill level 3 in Maces & Flails
   108 | D:1      | Reached XP level 2. HP: 29/29 MP: 1/1
   786 | D:2      | Reached XP level 3. HP: 35/36 MP: 2/2
   963 | D:2      | Reached skill level 4 in Maces & Flails
  1192 | D:2      | Reached skill level 1 in Throwing
  1389 | D:2      | Found a faded altar of an unknown god.
  1404 | D:2      | Reached XP level 4. HP: 41/44 MP: 3/3
  2443 | D:4      | Found Omuv's General Store.
  2491 | D:4      | Noticed Natasha
  2501 | D:4      | Killed Natasha
  2519 | D:4      | Splashed by a jelly's acid

Illustrated notes

Levels and vault maps discovered:
D:1:      psy_arrival_fountain, layout_basic
D:2:      layout_basic, ebering_ecumenical_altar_mist
D:3:      layout_loops_cross
D:4:      layout_cave_pools, zin_scriptorium, serial_shops, shop,
          kennysheep_mini_moat, nicolae_shop_waterfront, minmay_misc_feat_room,
          minmay_strange_pillars, uniq_natasha

Skill      XL: |  1  2  3 |
---------------+----------+-----
Maces & Flails | 3 4 |  4.7
Throwing       | 1 |  1.5
Fighting       | |  2.4
Dodging        | |  2.4
Stealth        | |  1.0

Action                   |  1- 3 |  4- 6 || total
-------------------------+-------+-------++-------
Melee: Mace              |   149 |    70 ||   219
 Stab: Sleeping          |     6 |     2 ||     8
Armor: Robe              |    68 |    14 ||    82
Dodge: Dodged            |    94 |    35 ||   129

Table legend: (Time is in decaauts)
 A = Elapsed time spent in this place.
 B = Non-inter-level travel time spent in this place.
 C = Inter-level travel time spent in this place.
 D = Time resting spent in this place.
 E = Time spent auto-exploring this place.
 F = Levels seen in this place.
 G = Mean time per level.
                   A        B        C        D        E       F      G
               +--------+--------+--------+--------+--------+-----+--------+
         Total |   2564 |   2518 |     46 |     15 |   2013 |   4 |  641.0 |
       Dungeon |   2564 |   2518 |     46 |     15 |   2013 |   4 |  641.0 |
               +--------+--------+--------+--------+--------+-----+--------+

Top non-repeatable levels by time:
     D:2: 1082 daAuts
     D:1: 777 daAuts
     D:3: 624 daAuts
     D:4: 80 daAuts
